 Seeded DCSS version 0.30-a0-778-g2ef04afb54 (webtiles) character file.

Game seed: 3657332177214541618 (custom seed)

37 Mickster the Chopper (level 3, 0/33 HPs)
             Began as a Hill Orc Monk on Feb 16, 2023.
             Slain by Ijyb
             ... wielding a +0 club
              (4 damage)
             ... on level 3 of the Dungeon.
             The game lasted 00:18:48 (1633 turns).

Mickster the Chopper (Hill Orc Monk)                Turns: 1633, Time: 00:18:49

Health: 0/33       AC:  8    Str: 13 (15) XL:     3   Next: 39%
Magic:  3/3        EV:  6    Int:  8 (10) God:
Gold:   119        SH:  0    Dex: 17 (19) Spells: 2/2 levels left

rFire   . . .      SeeInvis .    a - +0 hand axe
rCold   . . .      Faith    .    (no shield)
rNeg    . . .      Spirit   .    g - +0 chain mail
rPois   +          Reflect  .    (no helmet)
rElec   .          Harm     .    (no cloak)
rCorr   .          Rampage  .    (no gloves)
Will    .....                    (no boots) Stlth
                                 (no amulet)
HPRegen 0.25/turn                d - ring of poison resistance
MPRegen 0.08/turn                b - +6 ring of dexterity

@: no status effects
A: no striking features
a: no special abilities


You were on level 3 of the Dungeon.
You visited 1 branch of the dungeon, and saw 3 of its levels.

You collected 119 gold pieces.

Inventory:

Hand Weapons
 a - a +0 hand axe (weapon)
Missiles
 i - 9 stones (quivered)
Armour
 g - a +0 chain mail (worn)
 h - a +0 ring mail
Jewellery
 b - a +6 ring of dexterity (right hand)
 d - a ring of poison resistance (left hand)
 e - a ring of magical power
Potions
 c - a potion of ambrosia
 f - a potion of curing


   Skills:
 + Level 4.2 Fighting
 + Level 4.6 Axes
 + Level 2.8 Dodging
 + Level 1.7 Stealth


You had 2 spell levels left.
You didn't know any spells.
Your spell library contained the following spells:

 Spells                   Type           Power      Damage    Failure   Level
 Cigotuvi's Dreadful Rot  Necr/Pois/Air  0%         N/A       100%        2
 Dispel Undead            Necr           0%         3d6       100%        4
 Death Channel            Necr           0%         N/A       100%        6


Dungeon Overview and Level Annotations

Branches:
Dungeon (3/15)

Altars:

Annotations:
D:3 Ijyb


Message History

Ijyb hits you with a +0 club.
Ijyb zaps a wand.
Your will is overpowered!
You are confused.
You're too confused to move!
Ijyb barely misses you. Ijyb attacks as you move away!
Ijyb hits you but does no damage.
Ijyb zaps a wand.
You resist with significant effort. Ijyb attacks as you move away!
Ijyb hits you but does no damage. Ijyb attacks as you move away!
Ijyb hits you with a +0 club. Ijyb closely misses you.
You miss Ijyb.
You feel less confused.
Ijyb zaps a wand.
You resist with significant effort.
The now-empty wand crumbles to dust.
Ijyb hits you with a +0 club.
You barely miss Ijyb. Ijyb hits you but does no damage.
You barely miss Ijyb. Ijyb hits you with a +0 club. Ijyb closely misses you.
You hit Ijyb but do no damage. Ijyb hits you with a +0 club.
You hit Ijyb but do no damage. Ijyb hits you but does no damage. x2
You closely miss Ijyb. Ijyb hits you with a +0 club. Ijyb barely misses you.
You hit Ijyb.
Ijyb is moderately wounded.
Ijyb screams, "It's all mine!"
Ijyb hits you but does no damage.
You hit Ijyb but do no damage.
Ijyb is moderately wounded.
Ijyb hits you with a +0 club. Ijyb hits you but does no damage.
You hit Ijyb.
Ijyb is moderately wounded.
Ijyb hits you with a +0 club.
You closely miss Ijyb.
Ijyb is moderately wounded.
Ijyb hits you but does no damage. Ijyb closely misses you.
You hit Ijyb.
Ijyb is moderately wounded.
Ijyb hits you with a +0 club.
* * * LOW HITPOINT WARNING * * *
Ijyb hits you with a +0 club.
* * * LOW HITPOINT WARNING * * *
You hit Ijyb but do no damage.
Ijyb is moderately wounded.
Ijyb hits you with a +0 club.
You die...

##..)#
#..8.#
#....# #
#...## .#
#..#####..#
#<........#
#.........#
#.$....##.#
#..@......#
#..g...####
#......#
+..†...#
#...####
#....#
......#
........#
#.......#


You could see Ijyb (fast).

Vanquished Creatures
  A worm (D:2)
  8 bats
  4 endoplasms
  3 goblins (D:2)
  A hobgoblin (D:2)
  A quokka (D:2)
  3 ball pythons (D:1)
  4 frilled lizards
  4 kobolds
  A rat (D:2)
  A spectral kobold (D:2)
31 creatures vanquished.

Notes
Turn   | Place    | Note
-------+----------+-------------------------------------------
     0 | D:1      | Mickster the Hill Orc Monk began the quest for the Orb.
     0 | D:1      | Reached XP level 1. HP: 19/19 MP: 1/1
   164 | D:1      | Reached XP level 2. HP: 26/27 MP: 2/2
   811 | D:2      | Found a faded altar of an unknown god.
   945 | D:2      | Reached XP level 3. HP: 33/33 MP: 3/3
  1610 | D:3      | Noticed Ijyb
  1633 | D:3      | Slain by Ijyb

Illustrated notes

Levels and vault maps discovered:
D:1:      dpeg_arrival_rhombi, layout_basic
D:2:      layout_loops_corners, dreamdust_ecumenical_altar_drowned_temple,
          uniq_crazy_yiuf_cottage
D:3:      layout_rooms, gammafunk_ghost_smash, minivault_23, st_stairs_4,
          mrwooster_statue_mirror, kennysheep_small_spiral,
          serial_bayou_crossing, uniq_grinder, uniq_sigmund, uniq_ijyb

Skill      XL: |  1  2 |
---------------+-------+-----
Fighting       | 4 |  4.2
Axes           | |  4.6
Dodging        | |  2.8
Stealth        | |  1.7

Action                     || total
---------------------------++-------
  Melee: Hand axe          ||   136
         Punch             ||     1
    Use: Potion            ||     5
         Scroll            ||     5
 Armour: Robe              ||    19
         Ring mail         ||    32
         Leather armour    ||     8
         Chain mail        ||    34
  Dodge: Dodged            ||   139

Table legend: (Time is in decaauts)
 A = Elapsed time spent in this place.
 B = Non-inter-level travel time spent in this place.
 C = Inter-level travel time spent in this place.
 D = Time resting spent in this place.
 E = Time spent auto-exploring this place.
 F = Levels seen in this place.
 G = Mean time per level.
                   A        B        C        D        E       F      G
               +--------+--------+--------+--------+--------+-----+--------+
         Total |   1652 |   1596 |     56 |    243 |      0 |   3 |  550.7 |
       Dungeon |   1652 |   1596 |     56 |    243 |      0 |   3 |  550.7 |
               +--------+--------+--------+--------+--------+-----+--------+

Top non-repeatable levels by time:
     D:2: 828 daAuts
     D:1: 769 daAuts
     D:3: 54 daAuts
